 Dungeon Crawl Stone Soup version 0.29.1-15-g9cfb28693d (webtiles) character file.

Game seed: 1810911510580517126

352 Heoruswealwe the Magician (level 6, 0/48 HPs)
             Began as a Deep Elf Earth Elementalist on Apr 6, 2023.
             Slain by a gnoll
             ... wielding a +0 halberd
             ... led by a gnoll bouda
              (7 damage)
             ... on level 4 of the Dungeon.
             The game lasted 00:31:57 (2502 turns).

Heoruswealwe the Magician (DEEE)                    Turns: 2502, Time: 00:31:59

Health: 0/48       AC: 23    Str:  5    XL:     6   Next: 34%
Magic:  6/17       EV:  2    Int: 22    God:
Gold:   108        SH:  0    Dex: 15    Spells: 8/18 levels left

rFire   . . .      SeeInvis .   (no weapon)
rCold   . . .      Faith    .   (no shield)
rNeg    . . .      Spirit   .   (body armour currently unavailable)
rPois   +          Reflect  .   (helmet currently unavailable)
rElec   .          Harm     .   (cloak currently unavailable)
rCorr   .          Rampage  .   (gloves currently unavailable)
Will    .....      NoTele   +   (boots currently unavailable)
Stlth   ++........              (no amulet)
HPRegen 0.16/turn               (no ring)
MPRegen 0.15/turn               (no ring)

@: tree-form
A: stationary, stasis, torment immunity, boosted hp
a: no special abilities


You were on level 4 of the Dungeon.
You were a tree.
You visited 1 branch of the dungeon, and saw 4 of its levels.

You collected 108 gold pieces.

Inventory:

Armour
 d - a +0 cloak
 h - a +0 pair of boots (melded)
 m - a scarf of invisibility (melded)
 n - a +0 robe
 o - a +0 animal skin (melded)
 p - a +0 helmet (melded)
Wands
 c - a wand of flame (15)
Scrolls
 g - 2 scrolls of teleportation
 q - a scroll of amnesia
Potions
 a - 2 potions of attraction {unknown}
 b - a potion of magic
 e - 2 potions of heal wounds
 f - 2 potions of brilliance
 j - 2 potions of curing
 k - a potion of lignification
 l - 2 potions of degeneration {unknown}
 r - a potion of cancellation


   Skills:
 - Level 2.4 Dodging
 - Level 2.4 Stealth
 + Level 6.7 Spellcasting
 - Level 1.1 Transmutations
 + Level 6.0 Earth Magic


You had 8 spell levels left.
You knew the following spells:

 Your Spells              Type           Power      Damage    Failure   Level
a - Sandblast             Erth           68%        2d15      1%          1
b - Stone Arrow           Conj/Erth      40%        3d9       8%          3
c - Petrify               Tmut/Erth      23%        N/A       19%         4
z - Passwall              Tmut/Erth      19%        N/A       3%          2

Your spell library contained the following spells:

 Spells                   Type           Power      Damage    Failure   Level
 Static Discharge         Conj/Air       7%         3-4/arc   13%         2
 Lightning Bolt           Conj/Air       3%         1d15      93%         5
 Maxwell's Capacitive Co  Air            3%         ∞         100%        8


Dungeon Overview and Level Annotations

Branches:
Dungeon (4/15)
 Temple: D:4-7

Altars:
Xom
Zin


Message History

Aiming: Sandblast (safe; 1% risk of failure)
Press: ? - help, Shift-Dir - straight line, f/p - gnoll bouda
Aim: a gnoll bouda, wielding a +0 club and wearing a +0 leather armour (severely wounded, 86% to hit)
The blast of sand misses the gnoll bouda.
The blast of sand hits the quokka!!
You kill the quokka!
The gnoll hits you but does no damage.
The gnoll bouda hits you but does no damage.
The gnoll hits you but does no damage.
The gnoll bouda hits you but does no damage.
The gnoll hits you from afar with a +0 halberd.
* * * LOW HITPOINT WARNING * * *
Casting: Sandblast (safe; 1% risk of failure)
Confirm with . or Enter, or press ? or * to list all spells.
Aiming: Sandblast (safe; 1% risk of failure)
Press: ? - help, Shift-Dir - straight line, f/p - gnoll bouda
Aim: a gnoll bouda, wielding a +0 club and wearing a +0 leather armour (severely wounded, 86% to hit)
The blast of sand hits the gnoll bouda!
You kill the gnoll bouda!
The gnoll hits you with a +0 whip.
* * * LOW HITPOINT WARNING * * *
The gnoll hits you but does no damage. x2
Your Earth Magic skill increases to level 6!
Casting: Sandblast (safe; 1% risk of failure)
Confirm with . or Enter, or press ? or * to list all spells.
Aiming: Sandblast (safe; 1% risk of failure)
Press: ? - help, Shift-Dir - straight line, f - gnoll
Aim: a gnoll, wielding a +0 whip (covering ground quickly, 86% to hit)
The blast of sand hits the gnoll!
You kill the gnoll!
The gnoll hits you but does no damage. x2
Casting: Sandblast (safe; 1% risk of failure)
Confirm with . or Enter, or press ? or * to list all spells.
Aiming: Sandblast (safe; 1% risk of failure)
Press: ? - help, Shift-Dir - straight line, f - gnoll
Aim: a gnoll, wielding a +0 halberd (covering ground quickly, 86% to hit)
The blast of sand hits the gnoll.
The gnoll is moderately wounded.
The gnoll hits you from afar with a +0 halberd!
You die...

#.........# ##...######.
#.........# #....# #.
#.........# #.#..# #.
#.........# #..... #.
#.........# ##.##... #.
.#.........# ... #..#.
#. ........#####.#
....### ..
..#.....#####.#..#### ..
...####.###..♣))†....##
....†.†......).g..)...#
#.#####.###.#.##...[....
#..#..........).#.. .
#..##.........##.... #.#
#.........# #.. #.
#........## . #.
#........## # #.........


You could see a gnoll (swift).

Vanquished Creatures
  A scorpion (D:4)
  Crazy Yiuf (D:3)
  A gnoll bouda (D:4)
  Jessica (D:2)
  An iguana (D:4)
  Robin (D:2)
  3 gnolls (D:4)
  7 adders
  5 dart slugs
  4 ball pythons
  16 goblins
  10 hobgoblins
  2 jackals (D:1)
  8 kobolds
  5 quokkas
  5 bats
  3 frilled lizards
  10 rats
84 creatures vanquished.

Vanquished Creatures (others)
  5 fungi (D:3)
5 creatures vanquished.

Grand Total: 89 creatures vanquished

Notes
Turn   | Place    | Note
-------+----------+-------------------------------------------
     0 | D:1      | Heoruswealwe the Deep Elf Earth Elementalist began the
                  | quest for the Orb.
     0 | D:1      | Reached XP level 1. HP: 10/10 MP: 6/6
     5 | D:1      | Found a faded altar of an unknown god.
    55 | D:1      | Reached XP level 2. HP: 5/15 MP: 0/8
    85 | D:1      | Learned a level 2 spell: Passwall
   113 | D:1      | Prayed at the altar of an unknown god.
   113 | D:1      | Became a worshipper of Zin the Law-Giver
   113 | D:1      | Reached * piety under Zin
   114 | D:1      | Fell from the grace of Zin
   445 | D:1      | Reached XP level 3. HP: 19/19 MP: 8/10
   453 | D:1      | Learned a level 3 spell: Stone Arrow
   777 | D:2      | Noticed Jessica
   786 | D:2      | Killed Jessica
   792 | D:2      | Found a shimmering altar of Xom.
   838 | D:2      | Noticed Robin
   848 | D:2      | Reached XP level 4. HP: 18/24 MP: 5/12
  1014 | D:2      | Killed Robin
  1054 | D:2      | Reached skill level 5 in Spellcasting
  1097 | D:2      | You fall into a shaft and drop 2 floors!
  1368 | D:2      | Reached skill level 5 in Earth Magic
  1463 | D:2      | Reached XP level 5. HP: 28/28 MP: 11/14
  1648 | D:1      | Learned a level 4 spell: Petrify
  1978 | D:3      | Found a runed translucent door.
  1979 | D:3      | Noticed Crazy Yiuf
  1985 | D:3      | Killed Crazy Yiuf
  2462 | D:4      | Reached XP level 6. HP: 32/32 MP: 14/17
  2502 | D:4      | Slain by a gnoll

Illustrated notes

Levels and vault maps discovered:
D:1:      dpeg_arrival_ratfight, layout_basic,
          hellmonk_ecumenical_altar_arch_garden
D:2:      layout_loops_cross, basic_altar, serial_glass, glass_columns_a,
          glass_columns_b, glass_columns_b, glass_columns_b, glass_columns_c,
          glass_columns_b, glass_columns_a, glass_columns_b, glass_columns_a,
          glass_columns_b, uniq_jessica, uniq_robin
D:3:      layout_loops_ring, minmay_liquid_box, uniq_crazy_yiuf_cottage
D:4:      layout_rooms, minmay_quantized

Skill      XL: |  1  2  3  4  5  6 |
---------------+-------------------+-----
Spellcasting   | 4 5 6 |  6.7
Earth Magic    | 4 5 6 |  6.0
Dodging        | |  2.4
Stealth        | |  2.4
Transmutations | |  1.1

Action                   |  1- 3 |  4- 6 || total
-------------------------+-------+-------++-------
Melee: Unarmed           |       |    24 ||    24
       Punch             |       |     2 ||     2
 Cast: Sandblast         |    47 |    77 ||   124
       Passwall          |     1 |       ||     1
Invok: Renounce Religion |     1 |       ||     1
  Use: Scroll            |     3 |     9 ||    12
       Potion            |       |     1 ||     1
Armor: Robe              |     6 |     6 ||    12
       Skin              |       |    10 ||    10
Dodge: Dodged            |    12 |    19 ||    31
